 Dungeon Crawl Stone Soup version 0.23-a0-586-gacb4b3f (webtiles) character file.

3973 ohad the Grappler (level 10, -5/88 HPs)
             Began as a Troll Monk on Dec 19, 2018.
             Was a High Priest of Okawaru.
             Shot with an arrow by a centaur (13 damage)
             ... on level 7 of the Dungeon.
             The game lasted 00:15:52 (5038 turns).

ohad the Grappler (Troll Monk)                      Turns: 5038, Time: 00:15:54

Health: -5/88      AC:  5    Str: 26    XL:     10   Next: 2%
Magic:  11/12      EV: 17    Int:  6    God:    Okawaru [*****.]
Gold:   470        SH:  0    Dex: 15    Spells: 9/9 levels left

rFire    . . .     SeeInvis +     - Unarmed
rCold    . . .     Gourm    +   (no shield)
rNeg     . . .     Faith    +   a - +0 robe
rPois    .         Spirit   .   (helmet restricted)
rElec    .         Reflect  .   (no cloak)
rCorr    .         Harm     .   (gloves unavailable)
MR       .....                  (boots unavailable)
Stlth    +++.......             p - amulet of faith
HPRegen  0.64/turn              r - ring of see invisible
MPRegen  0.13/turn              v - +5 ring of strength

@: heroism
A: large, unfitting armour, claws 3, fast metabolism 3, gourmand, regeneration
1, shaggy fur 1, tough skin 2
a: Heroism, Finesse, Renounce Religion


You were on level 7 of the Dungeon.
You worshipped Okawaru.
Okawaru was extremely pleased with you.
You were very full.

You visited 2 branches of the dungeon, and saw 8 of its levels.
You also visited: Ossuary.

You collected 470 gold pieces.

Inventory:

Hand Weapons
 t - a +0 giant club
Missiles
 d - 2 javelins (quivered)
 s - 42 poisoned needles
 y - 6 tomahawks of returning
Armour
 a - a +0 robe (worn)
Jewellery
 c - a +1 ring of evasion
 p - an amulet of faith (around neck)
 r - a ring of see invisible (left claw)
 v - a +5 ring of strength (right claw)
Wands
 u - a wand of paralysis (14)
Scrolls
 e - 2 scrolls of identify
 g - 2 scrolls of amnesia
 j - a scroll of blinking
 k - 6 scrolls of random uselessness {unknown}
 l - 2 scrolls of remove curse {unknown}
 m - 2 scrolls of enchant armour {unknown}
 o - a scroll of enchant weapon {unknown}
 w - 3 scrolls of teleportation
 x - a scroll of noise {unknown}
 C - a scroll of fog {unknown}
Potions
 f - a potion of magic
 h - 3 potions of lignification
 i - 4 potions of curing
 n - a potion of haste
 q - 2 potions of flight
 A - a potion of might
 D - a potion of agility
Comestibles
 b - 22 rations
 B - 5 chunks of flesh


   Skills:
 - Level 2.4(7.4) Fighting
 + Level 5.9(10.9) Dodging
 - Level 1.0(6.0) Stealth
 - Level 11.8(16.8) Unarmed Combat
 - Level 5.0 Invocations


You had 9 spell levels left.
You didn't know any spells.
Your spell library was empty.

Dungeon Overview and Level Annotations

Branches:
Dungeon (7/15)             Temple (1/1) D:4

Altars:
Ashenzari
Cheibriados
Dithmenos
Elyvilon
Fedhas
Gozag
Hepliaklqana
Kikubaaqudgha
Makhleb
Nemelex Xobeh
Okawaru
Ru
Sif Muna
Trog
Uskayaw
Vehumet
Wu Jian
Xom
Yredelemnul
Zin
The Shining One

Shops:
D:6 [

Annotations:
D:4 3 runed doors, Leeroy's ghost, amateur GnSk; kirsanium's ghost, novice HuCK


Innate Abilities, Weirdness & Mutations

You are too large for most types of armour.
You have claws for hands.
Your metabolism is lightning-fast.
You like to eat raw meat.
Your natural rate of healing is unusually fast.
You are covered in fur. (AC +1)
You have very tough skin. (AC +2)


Message History

The centaur shoots an arrow.
The arrow barely misses you.
The orc warrior hits you with a +0 long sword!
You claw the orc warrior!
The orc warrior is moderately wounded.
The centaur shoots an arrow.
The arrow closely misses you.
The centaur shoots an arrow.
The arrow hits you!
You hear a shout!
You mangle the orc warrior!!
You kill the orc warrior!
Okawaru accepts your kill.
The centaur shoots an arrow.
The arrow hits you!
The centaur shoots an arrow.
The arrow closely misses you.
The centaur shoots an arrow.
The arrow hits you!
* * * LOW HITPOINT WARNING * * *
The centaur shoots an arrow.
The arrow hits you!
* * * LOW HITPOINT WARNING * * *
You see here 3 arrows.
A hungry ghost comes into view.
The centaur shoots an arrow.
The arrow hits you!
You die...

...≈≈ . .r....$..[≈c. .
..........≈≈#### .#
...............# W# #
.........c.....###.##.#
..................<..#
............)##.....#
###........((@...#
#♣.#(((((((.(#####..#
#8)'.........#
#♣.#.........#
####..##..### ##...
#..##..# #.... #..###+#
###.... #...# #.####
##...... #...####...#.
##.......


You could see a hungry ghost (wandering) and a centaur.

Vanquished Creatures
  The ghost of barakagiga the Protected, a novice HOFi (D:7)
  A hornet (D:7)
  A hungry ghost (D:6)
  A sky beast (D:6)
  2 black bears (D:6)
  3 orc warriors
  2 phantoms
  4 ice beasts
  4 ogres
  2 centaurs
  A bullfrog (D:6)
  A wyvern zombie (D:6)
  2 scorpions
  6 howler monkeys
  A crimson imp (D:5)
  2 centaur zombies
  A quasit (D:6)
  2 centaur skeletons (D:4)
  3 orc priests
  A bullfrog skeleton (D:4)
  3 hounds
  2 human zombies (Ossuary)
  2 iguanas (D:6)
  3 worker ants
  An orc wizard (D:4)
  A killer bee zombie (D:7)
  A hound zombie (D:7)
  A hound skeleton (D:7)
  5 mummies (Ossuary)
  Robin (D:3)
  13 adders
  A shadow imp (D:5)
  2 oozes
  An adder skeleton (D:5)
  A worm (D:3)
  5 dart slugs
  6 leopard geckos
  16 orcs
  6 bats
  9 giant cockroaches
  12 goblins
  11 hobgoblins
  5 quokkas
  4 ball pythons
  A ball python zombie (D:6)
  7 frilled lizards
  A goblin zombie (Ossuary)
  A hobgoblin zombie (Ossuary)
  9 kobolds
  3 kobold zombies (Ossuary)
  A leopard gecko skeleton (D:5)
  A quokka zombie (D:5)
  6 rats
183 creatures vanquished.

Vanquished Creatures (others)
  5 toadstools (D:1)
  2 withered plants (D:4)
7 creatures vanquished.

Grand Total: 190 creatures vanquished

Notes
Turn   | Place    | Note
-------+----------+-------------------------------------------
     0 | D:1      | ohad the Troll Monk began the quest for the Orb.
     0 | D:1      | Reached XP level 1. HP: 22/22 MP: 0/0
    44 | D:1      | Reached XP level 2. HP: 22/29 MP: 1/1
   266 | D:1      | Reached skill level 4 in Unarmed Combat
   612 | D:1      | Reached XP level 3. HP: 36/36 MP: 2/2
   927 | D:2      | Found a glowing golden altar of the Shining One.
  1115 | D:2      | Reached XP level 4. HP: 42/44 MP: 3/3
  1122 | D:2      | Reached skill level 5 in Unarmed Combat
  1535 | D:3      | You fall through a shaft for 2 floors!
  1535 | D:5      | Entered Level 5 of the Dungeon
  1542 | D:5      | Reached XP level 5. HP: 46/50 MP: 4/4
  1549 | D:5      | Reached skill level 6 in Unarmed Combat
  1584 | D:4      | Found a staircase to the Ecumenical Temple.
  1593 | Temple   | Entered the Ecumenical Temple
  1702 | Temple   | Became a worshipper of Warmaster Okawaru
  1702 | Temple   | Reached * piety under Okawaru
  1702 | Temple   | Reached ** piety under Okawaru
  1799 | D:3      | Noticed Robin
  1818 | D:3      | Killed Robin
  1818 | D:3      | Reached skill level 1 in Invocations
  1880 | D:3      | Noticed a phantom
  1912 | D:3      | Killed a phantom
  1912 | D:3      | Reached XP level 6. HP: 56/59 MP: 4/6
  2042 | D:3      | Found a sparkling altar of Nemelex Xobeh.
  2343 | D:4      | Found a runed gate.
  2343 | D:4      | Found a runed gate.
  2343 | D:4      | Found a runed gate.
  2343 | D:4      | Noticed Leeroy's ghost (amateur GnSk)
  2344 | D:4      | Noticed kirsanium's ghost (novice HuCK)
  2411 | D:4      | Reached *** piety under Okawaru
  2462 | D:4      | Reached XP level 7. HP: 22/66 MP: 5/9
  2685 | D:4      | Reached skill level 5 in Invocations
  2988 | D:5      | Reached skill level 7 in Unarmed Combat
  3002 | D:5      | Reached **** piety under Okawaru
  3355 | D:5      | Reached skill level 8 in Unarmed Combat
  3355 | D:5      | Reached XP level 8. HP: 74/74 MP: 10/10
  3796 | D:6      | Found a sand-covered staircase.
  3804 | Ossuary  | Entered an ossuary
  3844 | Ossuary  | Reached skill level 9 in Unarmed Combat
  4087 | D:6      | Reached skill level 10 in Unarmed Combat
  4253 | D:6      | Reached XP level 9. HP: 58/80 MP: 11/11
  4259 | D:6      | Found Zuonetama's Antique Armour Emporium.
  4278 | D:6      | Reached ***** piety under Okawaru
  4378 | D:6      | Reached skill level 11 in Unarmed Combat
  5010 | D:7      | Found a runed door.
  5014 | D:7      | Noticed barakagiga's ghost (novice HOFi)
  5023 | D:7      | Killed barakagiga's ghost
  5023 | D:7      | Reached skill level 5 in Dodging
  5023 | D:7      | Reached XP level 10. HP: 88/88 MP: 9/12
  5038 | D:7      | Shot with an arrow by a centaur

Vault maps used:
D:1:      ldierk_walled_garden
D:2:      minmay_kobold_bridge, tso_metal_star
D:3:      chequers_serial_rivers_room_b, nemelex_dance_club_becter, uniq_robin
D:4:      minmay_temple_entry_crystal_x, gammafunk_ghost_cemetery
D:5:      first_ration
D:6:      minmay_angry_zag, nicolae_ossuary_entry_plus, serial_shops,
          nicolae_shop_crystal, minmay_diced_spiral
D:7:      kennysheep_mini, gammafunk_ghost_grave, chequers_hall_statues_y,
          kb_lookout_dungeons_type, uniq_menkaure, uniq_pikel, uniq_harold
Temple:   kilobyte_greek_temple
Ossuary:  ossuary_crypta

Skill      XL: |  1  2  3  4  5  6  7  8  9 |
---------------+----------------------------+-----
Unarmed Combat | 4 5 6 8 10 11 | 11.8
Invocations    | 2 4 5 |  5.0
Dodging        | 5 |  5.9
Fighting       | |  2.4
Stealth        | |  1.0

Action                   |  1- 3 |  4- 6 |  7- 9 | 10-12 || total
-------------------------+-------+-------+-------+-------++-------
Melee: Unarmed           |    84 |   152 |   269 |     2 ||   507
       Punch             |     1 |     2 |    17 |       ||    20
Invok: Heroism           |       |     1 |     6 |       ||     7
  Use: Scroll            |       |       |     9 |       ||     9
       Potion            |       |       |     5 |       ||     5
 Stab: Sleeping          |     2 |     3 |     4 |       ||     9
       Distracted        |       |     1 |     1 |       ||     2
  Eat: Chunk             |    16 |    12 |    23 |       ||    51
Armor: Robe              |    26 |    44 |    55 |     2 ||   127
Dodge: Dodged            |    43 |    73 |   188 |     8 ||   312

Table legend:
 A = Non-vault XP
 B = Vault XP
 C = Vault XP percentage of total XP
 D = Non-vault monster count
 E = Vault monster count
 F = Vault count percentage of total count
                 A         B        C        D         E       F
            +---------+---------+-------+---------+---------+-------
      Total |    3849 |    1828 |  32.2 |     144 |      39 |  21.3
            +---------+---------+-------+---------+---------+-------
        D:1 |      42 |       0 |   0.0 |      23 |       0 |   0.0
        D:2 |      60 |       5 |   7.7 |      13 |       4 |  23.5
        D:3 |     199 |      48 |  19.4 |      21 |      15 |  41.7
        D:4 |     579 |       0 |   0.0 |      26 |       0 |   0.0
        D:5 |     857 |       0 |   0.0 |      23 |       0 |   0.0
        D:6 |    1244 |     661 |  34.7 |      26 |       6 |  18.8
        D:7 |     868 |     883 |  50.4 |      12 |       1 |   7.7
    Ossuary |       0 |     231 | 100.0 |       0 |      13 | 100.0
            +---------+---------+-------+---------+---------+-------
